MLB
PHILADELPHIA PHILLIES @ NEW YORK METS
09/09/2098
 
TOP OF THE 1ST
Philadelphia Phillies batting - Pitching for New York Mets : RHP Luis Torres
Pitching: RHP Luis Torres
Batting: RHB Ryan Klepper 0-0: Ground out 5-3 (Groundball, 56, EV 83.8 MPH)
Batting: RHB Vicente Vargas 0-0: Called Strike
0-1: Called Strike
0-2: Fly out, F7 (Flyball, 78M, EV 89.4 MPH)
Batting: SHB Tim Spotton 0-0: Called Strike
0-1: Swinging Strike
0-2: Foul Ball, location: 9LDF
0-2: Strikes out swinging
Top of the 1st over - 0 runs, 0 hits, 0 errors, 0 left on base; Philadelphia 0 - New York 0
BOTTOM OF THE 1ST
New York Mets batting - Pitching for Philadelphia Phillies : RHP Dave Quiram
Pitching: RHP Dave Quiram
Batting: RHB Jose de la Rosa 0-0: Fly out, F4 (Popup, 4MD, EV 62.5 MPH)
Batting: RHB Ryan Taylor 0-0: Ball
1-0: Ball
2-0: Foul Ball, location: 2F
2-1: Ball
3-1: SOLO HOME RUN (Flyball, 7LD, EV 90.6 MPH), Distance : 338 ft
Batting: RHB Jeff Hestermann 0-0: Ball
1-0: Swinging Strike
1-1: Ball
2-1: Ball
3-1: Foul Ball, location: 25F
3-2: Ground out U3 (Groundball, 34S, EV 84.4 MPH)
Batting: LHB Omar Gomez 0-0: Called Strike
0-1: Called Strike
0-2: Ground out U3 (Groundball, 34, EV 89.4 MPH)
Bottom of the 1st over - 1 run, 1 hit, 0 errors, 0 left on base; Philadelphia 0 - New York 1
TOP OF THE 2ND
Philadelphia Phillies batting - Pitching for New York Mets : RHP Luis Torres
Batting: RHB David Schafer 0-0: Foul Ball, location: 5FF
0-1: Foul Ball, location: 7LSF
0-2: Foul Ball, location: 2F
0-2: Ball
1-2: Foul Ball, location: 2F
1-2: Ball
2-2: Ball
3-2: Fly out, F7 (Flyball, 7, EV 96.9 MPH)
Batting: SHB Pete Ray 0-0: Ball
1-0: Fly out, F8 (Flyball, 8LXD, EV 90.6 MPH)
Batting: RHB Luis Esquivel 0-0: Called Strike
0-1: Foul Ball, location: 2F
0-2: Hit by Pitch
Batting: RHB Chad Larson 0-0: Fly out, F3 (Popup, 3L, EV 73.1 MPH)
Top of the 2nd over - 0 runs, 0 hits, 0 errors, 1 left on base; Philadelphia 0 - New York 1
BOTTOM OF THE 2ND
New York Mets batting - Pitching for Philadelphia Phillies : RHP Dave Quiram
Batting: SHB Curt Tolley 0-0: Swinging Strike
0-1: Ball
1-1: Ball
2-1: Called Strike
2-2: Ball
3-2: Ground out 4-3 (Groundball, 34D, EV 87.5 MPH)
Batting: RHB Marty Krpan 0-0: Called Strike
0-1: Ball
1-1: Fly out, F7 (Flyball, 78M, EV 86.3 MPH)
Batting: LHB Mike Thompson 0-0: Ball
1-0: Fly out, F9 (Flyball, 9, EV 92.5 MPH)
Bottom of the 2nd over - 0 runs, 0 hits, 0 errors, 0 left on base; Philadelphia 0 - New York 1
TOP OF THE 3RD
Philadelphia Phillies batting - Pitching for New York Mets : RHP Luis Torres
Batting: RHB Jason Waid 0-0: Called Strike
0-1: Swinging Strike
0-2: Strikes out swinging
Batting: RHB Josh Hester 0-0: Ball
1-0: Foul Ball, location: 3F
1-1: DOUBLE (Line Drive, 7LM, EV 102.5 MPH)
Batting: RHB Ryan Klepper 0-0: Called Strike
0-1: Fly out, F1 (Line Drive, P, EV 75.0 MPH)
Batting: RHB Vicente Vargas 0-0: Ball
1-0: Ground out 4-3 (Groundball, 4M, EV 93.8 MPH)
Top of the 3rd over - 0 runs, 1 hit, 0 errors, 1 left on base; Philadelphia 0 - New York 1
BOTTOM OF THE 3RD
New York Mets batting - Pitching for Philadelphia Phillies : RHP Dave Quiram
Pitching: RHP Erik Roth
Batting: RHB Chris Sims 0-0: Ball
1-0: Foul Ball, location: 2F
1-1: Ball
2-1: Ball
3-1: Called Strike
3-2: Base on Balls
Batting: RHB Nate Morrison 0-0: Called Strike
0-1: Bunt missed!
0-2: Ball
1-2: Fielders Choice at 2nd, 1-6 (Groundball, 13, EV 74.4 MPH)
Batting: RHB Jose de la Rosa 0-0: Swinging Strike
0-1: Ball
1-1: Foul Ball, location: 2F
1-2: Foul Ball, location: 23F
1-2: Fielders Choice at 2nd, 6-4 (Groundball, 56, EV 98.8 MPH)
Batting: RHB Ryan Taylor 0-0: Called Strike
0-1: Ball
1-1: Ball
2-1: 2-RUN HOME RUN (Flyball, 7LD, EV 94.4 MPH), Distance : 352 ft
Batting: RHB Jeff Hestermann 0-0: Ball
1-0: Called Strike
1-1: Foul Ball, location: 5F
1-2: Strikes out swinging
Bottom of the 3rd over - 2 runs, 1 hit, 0 errors, 0 left on base; Philadelphia 0 - New York 3
TOP OF THE 4TH
Philadelphia Phillies batting - Pitching for New York Mets : RHP Luis Torres
Batting: SHB Tim Spotton 0-0: Ball
1-0: Ground out 4-3 (Groundball, 4, EV 103.8 MPH)
Batting: RHB David Schafer 0-0: Ball
1-0: Ball
2-0: Foul Ball, location: 9LSF
2-1: Foul Ball, location: 9LMF
2-2: Ball
3-2: Base on Balls
Batting: SHB Pete Ray 0-0: Ball
1-0: Ball
2-0: Ball
3-0: Fly out, F8 (Flyball, 8RXD, EV 105.0 MPH)
Batting: RHB Luis Esquivel 0-0: Fly out, F8 (Flyball, 8RD, EV 110.0 MPH)
Top of the 4th over - 0 runs, 0 hits, 0 errors, 1 left on base; Philadelphia 0 - New York 3
BOTTOM OF THE 4TH
New York Mets batting - Pitching for Philadelphia Phillies : RHP Erik Roth
Batting: LHB Omar Gomez 0-0: Ball
1-0: Hit by Pitch
Batting: SHB Curt Tolley 0-0: Called Strike
0-1: Swinging Strike
0-2: Foul Ball, location: 2F
0-2: Strikes out looking
Batting: RHB Marty Krpan 0-0: Ball
1-0: Fly out, F8 (Line Drive, 8LM, EV 92.5 MPH)
Batting: LHB Mike Thompson 0-0: Called Strike
0-1: Reached on error, E6 (Groundball, 6M, EV 108.8 MPH)
Omar Gomez to second
Batting: RHB Chris Sims 0-0: SINGLE (Line Drive, 4D, EV 110.6 MPH)
Omar Gomez to third
Mike Thompson to second
Batting: RHB Nate Morrison 0-0: Called Strike
0-1: Ball
1-1: Called Strike
1-2: Ball
2-2: Ground out 6-3 (Groundball, P, EV 76.9 MPH)
Bottom of the 4th over - 0 runs, 1 hit, 1 error, 3 left on base; Philadelphia 0 - New York 3
TOP OF THE 5TH
Philadelphia Phillies batting - Pitching for New York Mets : RHP Luis Torres
Batting: RHB Chad Larson 0-0: Ground out 6-3 (Groundball, 6MS, EV 82.5 MPH)
Batting: RHB Jason Waid 0-0: Ball
1-0: DOUBLE (Line Drive, 9LS, EV 95.0 MPH)
Batting: RHB Josh Hester 0-0: Ball
1-0: Ball
2-0: Fly out, F8 (Flyball, 8RM, EV 88.8 MPH)
Batting: RHB Ryan Klepper 0-0: Called Strike
0-1: Called Strike
0-2: Ground out 6-3 (Groundball, 6, EV 84.4 MPH)
Top of the 5th over - 0 runs, 1 hit, 0 errors, 1 left on base; Philadelphia 0 - New York 3
BOTTOM OF THE 5TH
New York Mets batting - Pitching for Philadelphia Phillies : RHP Erik Roth
Batting: RHB Jose de la Rosa 0-0: Called Strike
0-1: Ball
1-1: Ball
2-1: Ball
3-1: Fly out, F7 (Line Drive, 7, EV 91.3 MPH)
Batting: RHB Ryan Taylor 0-0: Ground out 6-3 (Groundball, 6, EV 71.3 MPH)
Batting: RHB Jeff Hestermann 0-0: Reached on error, E5 (Groundball, 56S, EV 94.4 MPH)
Batting: LHB Omar Gomez 0-0: Ball
1-0: Ball
2-0: SINGLE (Line Drive, 8RS, EV 105.6 MPH)
Jeff Hestermann to second
Batting: SHB Curt Tolley 0-0: Foul Ball, location: 5F
0-1: Ball
1-1: Fly out, F9 (Flyball, 9, EV 99.4 MPH)
Bottom of the 5th over - 0 runs, 1 hit, 1 error, 2 left on base; Philadelphia 0 - New York 3
TOP OF THE 6TH
Philadelphia Phillies batting - Pitching for New York Mets : RHP Luis Torres
Batting: RHB Vicente Vargas 0-0: Ball
1-0: Foul Ball, location: 2LF
1-1: Foul Ball, location: 7LMFF
1-2: Foul Ball, location: 9LSF
1-2: Ground out U3 (Groundball, 34S, EV 66.9 MPH)
Batting: SHB Tim Spotton 0-0: Called Strike
0-1: Fly out, F9 (Flyball, 9, EV 97.5 MPH)
Batting: RHB David Schafer 0-0: Ball
1-0: Called Strike
1-1: SINGLE (Groundball, 6MD, EV 95.6 MPH)
Batting: SHB Pete Ray 0-0: Called Strike
0-1: Fly out, F5 (Popup, 56, EV 70.0 MPH)
Top of the 6th over - 0 runs, 1 hit, 0 errors, 1 left on base; Philadelphia 0 - New York 3
BOTTOM OF THE 6TH
New York Mets batting - Pitching for Philadelphia Phillies : RHP Erik Roth
Batting: RHB Marty Krpan 0-0: Ball
1-0: Ground out 6-3 (Groundball, 6, EV 80.6 MPH)
Batting: LHB Mike Thompson 0-0: Fly out, F7 (Flyball, 78M, EV 85.6 MPH)
Batting: RHB Chris Sims 0-0: Ball
1-0: Foul Ball, location: 5FF
1-1: Ball
2-1: Called Strike
2-2: Fly out, F9 (Flyball, 89M, EV 86.9 MPH)
Bottom of the 6th over - 0 runs, 0 hits, 0 errors, 0 left on base; Philadelphia 0 - New York 3
TOP OF THE 7TH
Philadelphia Phillies batting - Pitching for New York Mets : RHP Luis Torres
Batting: RHB Luis Esquivel 0-0: Foul Ball, location: 2F
0-1: Foul Ball, location: 3SF
0-2: Ball
1-2: Ball
2-2: Strikes out swinging
Batting: RHB Chad Larson 0-0: Ball
1-0: Swinging Strike
1-1: Foul Ball, location: 2F
1-2: Ball
2-2: Ground out 6-3 (Groundball, 6, EV 88.1 MPH)
Batting: RHB Jason Waid 0-0: Called Strike
0-1: Swinging Strike
0-2: Strikes out swinging
Top of the 7th over - 0 runs, 0 hits, 0 errors, 0 left on base; Philadelphia 0 - New York 3
BOTTOM OF THE 7TH
New York Mets batting - Pitching for Philadelphia Phillies : RHP Erik Roth
Batting: RHB Nate Morrison 0-0: Ground out 6-3 (Groundball, 6, EV 97.5 MPH)
Batting: RHB Jose de la Rosa 0-0: Called Strike
0-1: Called Strike
0-2: Ball
1-2: Ball
2-2: Fly out, F8 (Flyball, 8RM, EV 90.6 MPH)
Batting: RHB Ryan Taylor 0-0: Ball
1-0: Ball
2-0: Ball
3-0: Base on Balls
Batting: RHB Jeff Hestermann 0-0: Swinging Strike
0-1: Foul Ball, location: 2F
0-2: Strikes out swinging
Bottom of the 7th over - 0 runs, 0 hits, 0 errors, 1 left on base; Philadelphia 0 - New York 3
TOP OF THE 8TH
Philadelphia Phillies batting - Pitching for New York Mets : RHP Luis Torres
Batting: RHB Josh Hester 0-0: SOLO HOME RUN (Flyball, 7D, EV 94.4 MPH), Distance : 354 ft
Batting: RHB Ryan Klepper 0-0: Ground out 4-3 (Groundball, 4S, EV 71.3 MPH)
Batting: RHB Vicente Vargas 0-0: Called Strike
0-1: Ball
1-1: Foul Ball, location: 3FF
1-2: Ball
2-2: DOUBLE (Line Drive, 9LS, EV 88.1 MPH)
Batting: SHB Tim Spotton 0-0: Called Strike
0-1: Foul Ball, location: 2F
0-2: Ball
1-2: Foul Ball, location: 25FF
1-2: Ball
2-2: Foul Ball, location: 7LSF
2-2: Ball
3-2: Base on Balls
Batting: RHB David Schafer 0-0: Ball
1-0: Fielders Choice at 2nd, 6-4 (Groundball, 6, EV 99.4 MPH)
Vicente Vargas to third
Batting: SHB Pete Ray 0-0: Called Strike
0-1: Ball
1-1: Swinging Strike
1-2: Hit by Pitch
David Schafer to second
Batting: RHB Luis Esquivel 0-0: Ball
1-0: Ball
2-0: Called Strike
2-1: Ball
3-1: Base on Balls
Vicente Vargas scores
David Schafer to third
Pete Ray to second
Batting: RHB Chad Larson 0-0: Fielders Choice at 2nd, 6-4 (Groundball, 6, EV 81.9 MPH)
Top of the 8th over - 2 runs, 2 hits, 0 errors, 3 left on base; Philadelphia 2 - New York 3
BOTTOM OF THE 8TH
New York Mets batting - Pitching for Philadelphia Phillies : RHP Erik Roth
Batting: LHB Omar Gomez 0-0: Ball
1-0: Called Strike
1-1: Ball
2-1: Ground out 4-3 (Groundball, 4, EV 80.0 MPH)
Pitching: RHP Jason Hunter
Batting: SHB Curt Tolley 0-0: Called Strike
0-1: Foul Ball, location: 25F
0-2: Fly out, F9 (Flyball, 89S, EV 75.6 MPH)
Batting: RHB Marty Krpan 0-0: Ball
1-0: Foul Ball, location: 23F
1-1: SINGLE (Flyball, 5D, EV 96.9 MPH)
Batting: LHB Mike Thompson 0-0: Foul Ball, location: 5SF
0-1: Called Strike
0-2: Ball
1-2: Ball
2-2: Strikes out swinging
Bottom of the 8th over - 0 runs, 1 hit, 0 errors, 1 left on base; Philadelphia 2 - New York 3
TOP OF THE 9TH
Philadelphia Phillies batting - Pitching for New York Mets : RHP Luis Torres
Pitching: RHP Luis Manzano
Now at 1B: Jeff Hestermann
Now at 2B: Ben Keyser
Now at SS: Cesar Oropeza
Now in LF: Mark Lamb
Batting: RHB Jason Waid 0-0: Swinging Strike
0-1: Ball
1-1: Ball
2-1: Called Strike
2-2: Strikes out swinging
Pinch Hitting: RHB John Zanin 0-0: Called Strike
0-1: Fly out, F9 (Flyball, 9LM, EV 95.6 MPH)
Batting: RHB Ryan Klepper 0-0: Called Strike
0-1: Called Strike
0-2: Ball
1-2: Ball
2-2: Ground out 4-3 (Groundball, 4M, EV 81.3 MPH)
Top of the 9th over - 0 runs, 0 hits, 0 errors, 0 left on base; Philadelphia 2 - New York 3
Sunday, April 14th , 2024 - OOTP Baseball 24.11 Build 85